Map: [ESL] Waterfall

Players

夜蝶蝶蝶蝶蝶蝶蝶 (Firefly)

  • Race: Protoss Protoss

iGCoffeeMs (Coffee) - Winner!

  • Race: Terran Terran
  • League: Master

Event: DreamHack SC2 Masters 2022 Atlanta (Online)

VOD

Have the link to the VOD?

Description

Time

  • Played on: Oct. 8, 2022, 7:17 a.m.
  • Length: 16:20

All games in this series

Show
View Real Time Build Order
Export as new Build Order

夜蝶蝶蝶蝶蝶蝶蝶 Protoss 

Build Orders: 1 Gate Expand 

Get SALT Encoding   

  12  0:00  Probe  
  13  0:12  Probe  
  14  0:17  Pylon  
  14  0:24  Probe  
  15  0:35  Gateway  
  15  0:38  Probe (Chrono Boost)  
  16  0:47  Probe (Chrono Boost)  
  16  0:48  Assimilator  
  17  0:52  Probe (Chrono Boost)  
  18  1:04  Probe  
  19  1:16  Probe  
  20  1:22  Cybernetics Core  
  20  1:36  Nexus  
  20  1:42  Pylon  
  20  1:48  Probe  
  20  1:51  Assimilator  
  21  1:56  Adept (Chrono Boost)  
  21  2:00  Probe  
  24  2:04  Warp Gate  
  24  2:12  Probe  
  24  2:14  Shield Battery  
  25  2:22  Stalker (Chrono Boost)  
  27  2:26  Probe  
  28  2:38  Probe  
  28  2:43  Stalker (Chrono Boost)  
  31  2:52  Probe  
  31  2:54  Probe  
  31  2:56  Shield Battery  
  33  3:01  Robotics Facility  
  33  3:04  Probe  
  34  3:07  Probe  
  34  3:10  Sentry (Chrono Boost)  
  37  3:17  Probe  
  38  3:20  Probe  
  38  3:24  Gateway  
  39  3:29  Probe  
  39  3:32  Probe, Stalker (Chrono Boost)  
  41  3:41  Probe  
  44  3:44  Gateway  
  44  3:49  Pylon  
  44  3:52  Observer (Chrono Boost)  
  44  3:55  Probe  
  46  4:05  Pylon  
  46  4:07  Observer (Chrono Boost), Probe x2, Stalker  
  48  4:19  Probe  
  48  4:20  Probe  
  48  4:22  Assimilator  
  50  4:24  Assimilator  
  50  4:25  Pylon  
  50  4:31  Stalker  
  52  4:33  Stalker  
  52  4:36  Probe (Chrono Boost)  
  52  4:38  Probe (Chrono Boost)  
  56  4:47  Warp Prism  
  56  4:50  Probe (Chrono Boost)  
  56  4:51  Probe (Chrono Boost)  
  60  4:53  Twilight Council  
  60  4:55  Probe (Chrono Boost)  
  60  4:59  Probe  
  62  5:04  Pylon  
  62  5:06  Probe  
  63  5:11  Probe  
  64  5:18  Probe  
  64  5:19  Observer  
  65  5:23  Probe  
  65  5:25  Stalker  
  68  5:30  Stalker  
  68  5:31  Charge  
  68  5:34  Templar Archives  
  70  5:36  Observer, Gateway  
  70  5:44  Immortal (Chrono Boost)  
  70  5:46  Pylon  
  74  5:54  Nexus  
  74  6:02  Psionic Storm  
  74  6:07  Zealot  
  74  6:08  Zealot  
  78  6:16  High Templar  
  80  6:20  Shield Battery  
  80  6:22  Pylon  
  80  6:23  Shield Battery  
  80  6:26  Immortal (Chrono Boost)  
  80  6:32  Zealot  
  86  6:37  High Templar  
  71  6:48  Stalker x2  
  71  6:53  Stalker x2  
  71  6:54  Stalker  
  72  7:03  Gateway  
  72  7:05  Gateway  
  72  7:07  Gateway  
  70  7:09  Gateway  
  70  7:13  Zealot  
  70  7:15  Warp Prism (Chrono Boost)  
  66  7:19  High Templar  
  66  7:26  Nexus  
  60  7:31  Zealot, High Templar  
  64  7:40  High Templar  
  64  7:42  Immortal (Chrono Boost)  
  70  7:46  Observer  
  68  7:51  Probe  
  68  7:52  Probe, Pylon  
  68  7:54  Zealot  
  68  7:55  Zealot  
  68  7:58  Pylon  
  74  8:01  Zealot x2  
  74  8:03  Blink (Chrono Boost)  
  78  8:10  Zealot, Probe  
  81  8:16  High Templar  
  81  8:19  Zealot  
  85  8:20  Zealot x2  
  85  8:26  Zealot  
  91  8:32  Stalker  
  93  8:39  Probe x2  
  88  8:46  Stalker x2  
  88  8:49  High Templar  
  86  9:00  Archon  
  85  9:07  Archon  
  85  9:08  Zealot x2  
  85  9:09  Zealot x2  
  84  9:14  Stalker  
  58  9:36  High Templar x3  
  58  9:42  Zealot x3  
  64  9:49  Zealot, High Templar  
  68  10:03  Sentry  
  68  10:04  Zealot x2  
  72  10:16  Archon  
  72  10:22  Stalker x3  
  72  10:24  High Templar  
  66  10:52  High Templar  
  66  10:53  Zealot x4  
  66  10:56  Archon  
  76  10:57  Zealot  
  72  11:15  Zealot x3, High Templar  
  66  11:19  Zealot  
  66  11:20  Archon  
  54  11:28  Zealot  
  48  11:37  High Templar x3  
  48  11:39  Probe x2 (Chrono Boost)  
  50  11:50  Probe x2 (Chrono Boost)  
  52  11:54  Immortal (Chrono Boost)  
  52  11:55  Probe x2 (Chrono Boost)  
  58  12:05  Zealot, High Templar  
  58  12:07  Probe  
  62  12:24  High Templar  
  62  12:25  Zealot x2  
  62  12:26  Zealot  
  70  12:34  Immortal  
  74  12:46  High Templar  
  74  12:47  Zealot x2  
  80  12:52  Stalker  
  82  13:03  Zealot x2  
  82  13:05  Archon  
  86  13:10  Archon  
  84  13:18  Stalker x3  
  84  13:24  Observer  
  65  13:48  Nexus  
  57  13:49  Warp Prism (Chrono Boost)  
  59  14:00  High Templar x3  
  65  14:06  Forge  
  65  14:15  High Templar  
  67  14:36  Zealot, High Templar x2  
  67  14:37  Zealot x2  
  77  14:47  Observer  
  77  14:54  Stalker x2, Pylon  
  77  15:02  Shield Battery  
  73  15:16  High Templar  
  75  15:22  Stalker  
  75  15:28  Stalker x2  
  81  15:35  Archon  
  81  15:36  High Templar  
  81  15:37  Zealot x2  
  77  15:47  Zealot x2  
  75  15:54  Stalker  
  67  15:58  Archon  
  67  15:59  Zealot x2  
  59  16:06  Zealot  
  59  16:09  High Templar  
Show
View Real Time Build Order
Export as new Build Order

iGCoffeeMs Terran - Winner!

Build Orders:  

Get SALT Encoding   

  12  0:00  SCV  
  13  0:12  SCV  
  14  0:18  Supply Depot  
  14  0:25  SCV  
  15  0:40  SCV, Barracks  
  16  0:45  Refinery  
  16  0:52  SCV  
  16  0:55  Refinery  
  17  1:04  SCV  
  18  1:16  SCV  
  19  1:27  Reaper  
  19  1:28  Orbital Command  
  20  1:35  Supply Depot  
  20  1:46  Factory  
  20  1:54  SCV  
  21  2:06  SCV  
  22  2:18  SCV  
  23  2:23  Command Center  
  23  2:31  Starport  
  23  2:33  Widow Mine  
  23  2:35  SCV  
  26  2:38  Barracks Reactor  
  26  2:45  Supply Depot  
  26  2:47  SCV  
  27  2:55  Widow Mine  
  29  2:59  SCV  
  30  3:07  Medivac  
  30  3:11  SCV  
  33  3:15  Marine x2  
  33  3:16  Factory Tech Lab  
  35  3:23  SCV  
  36  3:33  Marine x2  
  38  3:35  SCV  
  39  3:46  Raven  
  39  3:48  SCV  
  42  3:50  Barracks x2  
  42  3:54  Orbital Command  
  42  4:00  SCV  
  42  4:01  Factory Tech Lab  
  44  4:03  Marine x2  
  45  4:13  Supply Depot  
  45  4:18  SCV  
  45  4:21  SCV, Marine x2  
  49  4:29  Bunker  
  49  4:30  Supply Depot  
  49  4:39  SCV  
  49  4:41  Factory Reactor, Starport Reactor  
  49  4:42  Marine x2  
  52  4:46  Stimpack  
  52  4:47  SCV  
  52  4:50  Marine x2  
  52  4:51  SCV  
  56  4:55  Engineering Bay  
  56  4:57  Supply Depot  
  56  5:01  SCV  
  56  5:03  SCV  
  56  5:04  Marine x2  
  56  5:05  Combat Shield  
  60  5:13  Marauder x2  
  64  5:15  SCV x2  
  64  5:17  Refinery  
  64  5:19  Supply Depot  
  66  5:23  Marine x2  
  68  5:28  SCV x2  
  68  5:33  Medivac x2  
  74  5:37  Supply Depot  
  74  5:41  Marauder x2  
  78  5:45  Marine x2  
  78  5:47  SCV  
  78  5:48  SCV  
  82  5:51  Widow Mine x2  
  84  6:08  SCV  
  84  6:12  Marauder x2  
  84  6:15  Marine x2  
  90  6:20  SCV  
  90  6:21  SCV  
  90  6:22  Terran Infantry Weapons Level 1  
  90  6:24  Supply Depot  
  92  6:26  Refinery  
  92  6:33  SCV x2  
  88  6:47  Marauder x2, Marine x2  
  88  6:49  Widow Mine  
  88  6:50  Widow Mine  
  96  6:54  Medivac  
  96  6:57  SCV, Command Center  
  90  7:11  Marauder  
  80  7:15  Marine x2  
  80  7:17  SCV x2  
  80  7:19  Widow Mine x2  
  80  7:21  Marauder  
  78  7:32  Marauder  
  78  7:33  Medivac x2  
  81  7:40  SCV x2  
  81  7:42  Widow Mine x2  
  81  7:43  Marauder, Marine x2  
  82  7:55  SCV x2  
  82  7:57  Barracks  
  84  7:58  Barracks  
  84  7:59  Ghost Academy  
  84  8:07  Marauder x2, Marine x2  
  84  8:08  Widow Mine x2  
  94  8:16  Terran Infantry Armor Level 1  
  94  8:17  SCV x2  
  96  8:24  Medivac  
  96  8:25  Medivac  
  100  8:29  SCV x2  
  101  8:34  Marauder, Marine  
  101  8:35  Marauder  
  104  8:49  Marine  
  104  8:50  Barracks Reactor, Barracks Tech Lab  
  104  8:54  SCV x2  
  105  8:56  Marauder x2  
  84  9:05  Marine  
  84  9:07  Marine  
  84  9:08  SCV x2  
  67  9:17  SCV, Marauder x2  
  67  9:21  Marine  
  67  9:23  Marine  
  59  9:25  Marine  
  59  9:30  SCV  
  59  9:37  Orbital Command  
  57  9:39  SCV  
  57  9:42  SCV  
  57  9:45  Marine x3  
  59  9:46  Marine  
  59  9:52  Ghost  
  63  9:56  Ghost  
  63  9:58  SCV x2  
  71  10:09  Widow Mine x2  
  71  10:10  Marine x2  
  69  10:21  Marine x2  
  69  10:25  Ghost  
  69  10:27  SCV  
  72  10:31  Marauder  
  72  10:32  Medivac x2  
  76  10:37  Marauder  
  76  10:39  Marine  
  67  10:51  Marine x3  
  67  10:52  SCV x2, Widow Mine x2, Marauder  
  72  10:58  Marauder  
  72  10:59  Marauder  
  72  11:03  Marine  
  77  11:04  SCV x2  
  74  11:13  Widow Mine  
  74  11:18  SCV x2  
  53  11:27  Marine  
  53  11:31  SCV  
  53  11:35  SCV  
  53  11:38  SCV  
  55  11:43  SCV  
  56  11:47  SCV  
  56  11:50  SCV  
  56  11:52  Viking  
  60  11:57  SCV  
  60  11:59  SCV, Marine  
  63  12:04  SCV  
  63  12:06  Orbital Command  
  64  12:09  Marauder x2  
  64  12:14  SCV x2  
  70  12:19  Marine x3  
  70  12:20  Marine  
  74  12:26  SCV x2  
  75  12:32  Ghost  
  75  12:35  SCV  
  78  12:38  SCV x2  
  78  12:42  Widow Mine x2  
  84  12:47  SCV  
  84  12:50  SCV x2  
  83  13:15  SCV  
  83  13:16  SCV  
  83  13:17  Marine x4  
  83  13:22  SCV  
  80  13:27  Marauder x2  
  80  13:28  SCV, Marauder  
  83  13:35  Marine x2  
  74  13:46  Marine  
  74  13:48  SCV x2  
  71  13:51  SCV  
  71  13:53  Marine x3  
  75  14:00  SCV x2  
  75  14:01  Medivac  
  75  14:02  Medivac  
  81  14:08  Marine  
  84  14:10  Ghost  
  84  14:13  Ghost  
  86  14:17  Ghost  
  86  14:23  Marine x3  
  91  14:25  Marine  
  91  14:27  Widow Mine x2  
  96  14:31  Bunker  
  96  14:36  Medivac x2  
  100  14:46  Marine x2  
  100  14:47  Marine x2  
  100  14:48  Marauder  
  106  14:54  Marauder x2  
  106  14:55  SCV x2  
  112  15:04  Marine x2  
  112  15:05  Widow Mine  
  116  15:08  Supply Depot  
  116  15:09  Supply Depot  
  116  15:11  Widow Mine, Marauder  
  116  15:13  Refinery  
  120  15:16  Refinery, Ghost  
  120  15:17  Supply Depot  
  122  15:35  SCV  
  100  15:50  SCV x2  
  100  15:54  Marauder  
  98  15:57  Marine x2  
Tags
 
Add a new tag
Caveats
  • Supply blocks, unpowered buildings, or Contaminate may cause inaccurate times.
  • Supply counts are checked every 10 seconds.